 Dungeon Crawl Stone Soup version 0.31-a0-771-g505c3d19dc (webtiles) character file.

Game seed: 5714695640417776788

11 cforsyth the Sneak (level 2, -3/25 HPs)
             Began as a Djinni Delver on Sept 16, 2023.
             Splashed by a jelly's acid (9 damage)
             ... on level 6 of the Dungeon.
             The game lasted 00:00:16 (73 turns).

cforsyth the Sneak (Djinni Delver)                    Turns: 73, Time: 00:00:16

Health: -3/25      AC: -1    Str: 11    XL:     2   Next: 35%
Gold:   0          EV: 12    Int: 11    God:
                   SH:  0    Dex: 14

rFire   + + .        a - +0 falchion
rCold   x . .        (no shield)
rNeg    . . .        b - +0 leather armour
rPois   ∞            (no helmet)
rElec   .            (no cloak)
rCorr   .            (no gloves)
SInv    .            (boots unavailable)
Will    .....        (no amulet)
Stlth   ++           (no ring)
HPRegen 0.24/turn    (no ring)
MPRegen 0.00/turn

%: infuse magic (-4 HP)
@: corroded, flying
A: sickness immunity, fire resistance 2, cold vulnerability 1, float, innate
caster, HP casting, extra vitality 1
a: no special abilities


You were on level 6 of the Dungeon.
You visited 1 branch of the dungeon, and saw 2 of its levels.

Inventory:

Hand Weapons
 a - a +0 falchion (weapon)
Armour
 b - a +0 leather armour (worn)
Wands
 g - a wand of digging (3)
Scrolls
 c - a scroll of fog
 d - a scroll of revelation
 e - a scroll of fear
Potions
 f - a potion of haste


   Skills:
 + Level 3.3 Fighting
 - Level 1.7 Long Blades
 - Level 2.1 Dodging
 - Level 4.1 Stealth
 + Level 0.7 Spellcasting
 + Level 0.7 Conjurations
 + Level 0.7 Hexes
   Level 0.0 Charms
 + Level 0.7 Summonings
 + Level 0.7 Necromancy
 + Level 0.7 Translocations
 + Level 0.7 Transmutations
 + Level 0.7 Fire Magic
 + Level 0.7 Ice Magic
 + Level 0.7 Air Magic
 + Level 0.7 Earth Magic
 + Level 0.7 Poison Magic You didn't know any spells. Your spell library was empty.

Dungeon Overview and Level Annotations

Branches:
Dungeon (6/15)
 Temple: D:4-7

Altars:

Annotations:
D:5 Prince Ribbit


Innate Abilities, Weirdness & Mutations

You are immune to sickness and miasma.
You are immune to poison.
Your flesh is very heat resistant. (rF++)
You are vulnerable to cold. (rC-)
You float through the air rather than walking.
You learn spells naturally, not from books.
Your magical power is your life essence.
You have superior vitality. (+4 MHP)


Message History

You bump into the rock wall.
The orc wizard casts a spell.
The orc wizard flickers and vanishes!
Deactivating autopickup; reactivate with Ctrl-A.
You hear a shout!
You bump into the rock wall.
You feel less confused.
Prince Ribbit lets out a mournful croak.
A magic dart appears from out of thin air!
The magic dart hits you.
You see here a book of Minor Magic.
The adder bites you.
Prince Ribbit blinks!
The adder attacks as it pursues you! The adder closely misses you.
The adder barely misses you. The adder attacks as it pursues you!
The adder barely misses you. The adder barely misses you.
The adder attacks as it pursues you! The adder closely misses you.
There is a stone staircase leading down here.
The adder closely misses you. The adder bites you.
You fly downwards.
Reactivating autopickup.
There is a stone staircase leading up here.
You slash the adder!
The adder is severely wounded.
The adder closely misses you.
You hit the adder.
The adder is almost dead.
The adder closely misses you. x2
You slash the adder!
You kill the adder!
You have reached level 2!
The jelly quivers.
You completely miss the jelly. The jelly hits you but does no damage.
You barely miss the jelly. The jelly closely misses you. The jelly hits you.
The acid corrodes you!
You are splashed with acid!
You completely miss the jelly. The jelly hits you.
* * * LOW HITPOINT WARNING * * *
You are splashed with acid!
You die...

##########
........<#
......J@.#
.........#
#........#
#........+
.........#
#...####+#
##+#


You could see a jelly.

Vanquished Creatures
  An adder (D:6)
  An orc (D:5)
2 creatures vanquished.

Notes
Turn   | Place    | Note
-------+----------+-------------------------------------------
     0 | D:5      | cforsyth the Djinni Delver began the quest for the Orb.
     0 | D:5      | Reached XP level 1. HP: 20/20 MP: 0/0
    32 | D:5      | Noticed Prince Ribbit
    32 | D:5      | Noticed an orc wizard
    60 | D:6      | Noticed a jelly
    64 | D:6      | Reached XP level 2. HP: 15/25 MP: 0/0
    73 | D:6      | Splashed by a jelly's acid

Illustrated notes

Levels and vault maps discovered:
D:5:      cheibrodos_fertilizer, layout_loops_ring, uniq_crazy_yiuf_cottage,
          uniq_prince_ribbit1, uniq_pikel
D:6:      layout_gridville, minmay_temple_entry_poolview, minmay_ruined_shrine

Action                     || total
---------------------------++-------
  Melee: Falchion          ||    11
 Armour: Leather armour    ||    14
  Dodge: Dodged            ||    16

Table legend: (Time is in decaauts)
 A = Elapsed time spent in this place.
 B = Non-inter-level travel time spent in this place.
 C = Inter-level travel time spent in this place.
 D = Time resting spent in this place.
 E = Time spent auto-exploring this place.
 F = Levels seen in this place.
 G = Mean time per level.
                   A        B        C        D        E       F      G
               +--------+--------+--------+--------+--------+-----+--------+
         Total |     74 |     74 |      0 |      0 |     27 |   2 |   37.0 |
       Dungeon |     74 |     74 |      0 |      0 |     27 |   2 |   37.0 |
               +--------+--------+--------+--------+--------+-----+--------+

Top non-repeatable levels by time:
     D:5: 61 daAuts
     D:6: 13 daAuts
